 Dungeon Crawl Stone Soup version 0.29.1-4-g47bece8355 (webtiles) character file.

Game seed: 1232599181571516391

12 GorkyZ the Trooper (level 2, -1/19 HPs)
             Began as a Gargoyle Monk on Dec 3, 2022.
             Slain by a kobold
             ... wielding a +3 short sword
              (5 damage)
             ... on level 1 of the Dungeon.
             The game lasted 00:01:31 (317 turns).

GorkyZ the Trooper (Gargoyle Monk)                   Turns: 317, Time: 00:01:38

Health: -1/19      AC:  4    Str: 14    XL:     2   Next: 33%
Magic:  2/2        EV: 12    Int: 10    God:
Gold:   20         SH:  0    Dex: 12    Spells: 1/1 levels left

rFire   . . .      SeeInvis .   d - +0 quarterstaff
rCold   . . .      Faith    .   (shield currently unavailable)
rNeg    + . .      Spirit   .   b - +0 robe
rPois   ∞          Reflect  .   (no helmet)
rElec   +          Harm     .   (no cloak)
rCorr   .          Rampage  .   (no gloves)
Will    .....                   (no boots)
Stlth   ++........              (no amulet)
HPRegen 0.06/turn               (no ring)
MPRegen 0.08/turn               (no ring)

@: no status effects
A: sickness immunity, AC +2, negative energy resistance 1, electricity
resistance, torment resistance 1, petrification resistance
a: no special abilities


You were on level 1 of the Dungeon.
You visited 1 branch of the dungeon, and saw 1 of its levels.

You collected 20 gold pieces.

Inventory:

Hand Weapons
 a - a +0 mace
 d - a +0 quarterstaff (weapon)
Armour
 b - a +0 robe (worn)
Potions
 c - a potion of ambrosia


   Skills:
 + Level 3.4 Fighting
 + Level 3.1 Maces & Flails
 + Level 0.5 Throwing
 + Level 0.6 Armour
 + Level 2.5 Dodging
 - Level 2.1 Stealth
 + Level 0.3 Evocations


You had one spell level left.
You didn't know any spells.
Your spell library was empty.

Dungeon Overview and Level Annotations

Branches:
Dungeon (1/15)

Altars:


Innate Abilities, Weirdness & Mutations

You are immune to sickness and miasma.
Your stone body is resilient. (AC +2)
You are immune to poison.
You resist negative energy. (rN+)
You are resistant to electric shocks. (rElec)
You are resistant to unholy torment.
You are immune to petrification.


Message History

The ball python constricts you.
The rat twitches its whiskers.
The rat bites you. The ball python closely misses you.
The ball python constricts you. The rat bites you but does no damage.
The endoplasm freezes you.
You are frozen.
You escape the ball python's grasp.
The kobold attacks as you move away! The kobold closely misses you.
The endoplasm hits you. The rat attacks as you move away!
The rat closely misses you. The rat attacks as you move away!
The rat misses you. The kobold attacks as you move away!
The kobold hits you but does no damage. The rat attacks as you move away!
The rat barely misses you. The rat attacks as you move away!
The rat barely misses you. The kobold attacks as you move away!
The kobold barely misses you. The rat attacks as you move away!
The rat misses you. The endoplasm attacks as you move away!
The endoplasm closely misses you.
You closely miss the kobold. The kobold barely misses you.
You closely miss the kobold.
The kobold hits you with a +3 short sword.
The rat closely misses you.
You miss the kobold. The kobold barely misses you. The rat misses you.
You barely miss the ball python. The ball python closely misses you.
The ball python grabs you. The ball python constricts you.
The kobold barely misses you. The rat closely misses you.
The ball python closely misses you. The ball python constricts you.
You are too injured to fight recklessly!
You are too injured to fight recklessly!
You are too injured to fight recklessly!
You are too injured to fight recklessly!
You are too injured to fight recklessly!
You are too injured to fight recklessly!
You are too injured to fight recklessly!
You hit the ball python.
You kill the ball python!
The rat barely misses you.
The kobold hits you with a +3 short sword.
* * * LOW HITPOINT WARNING * * *
The rat closely misses you.
The kobold hits you with a +3 short sword.
You die...

....##...##....#....#
....................#..
...................$...
..............)........
.................).....
#.#... ###...S...$.........
.#>....
#..J#.........##....
......##.rK#.........##....
.....+...@+...............
#...######............. #
#.#...###................
#........................
#.....)..................
...................###....
.........).........# .
...................#
...................#


You could see an endoplasm, a kobold and a rat.

Vanquished Creatures
  A dart slug (D:1)
  2 endoplasms (D:1)
  2 goblins (D:1)
  3 jackals (D:1)
  2 ball pythons (D:1)
10 creatures vanquished.

Notes
Turn   | Place    | Note
-------+----------+-------------------------------------------
     0 | D:1      | GorkyZ the Gargoyle Monk began the quest for the Orb.
     0 | D:1      | Reached XP level 1. HP: 14/14 MP: 1/1
   170 | D:1      | Reached XP level 2. HP: 14/19 MP: 2/2
   317 | D:1      | Slain by a kobold

Illustrated notes

Levels and vault maps discovered:
D:1:      sevenhm_arrival_forest_fort_small_6, layout_basic

Action                   || total
-------------------------++-------
Melee: Mace              ||    11
       Punch             ||     1
       Quarterstaff      ||    14
Armor: Robe              ||     8
Dodge: Dodged            ||    36
